AoeStats
← 化劲省二

Marketplace

504242882Analyzed
1v1 RM · 29d ago on Sep 4, 2026· 25m 41s· 2 players
Game mode
Random Map
Map size
Tiny (2 player)
Population
200
Speed
Normal
Resources
Standard
Victory
Conquest
Starting age
Dark Age
Ending age
Imperial Age
RankedLock teamsTeams togetherTeam positionsShared explorationLock speedFull tech treeHidden civsTurbo modeCheats
Victory
Defeat
🇨🇳 Chinese · China
1159
+15
🇫🇷 Cumans · France
1137
-15
Yecklefenec
6:23 Loom
9:07 Feudal Age
9:57 Double-Bit Axe
10:02 Horse Collar
12:30 Horse Collar
14:07 Wheelbarrow
15:57 Forging
21:31 Castle Age
21:13 Fletching
23:46 Bloodlines
化劲省二
0:27 Loom
10:21 Feudal Age
11:25 Double-Bit Axe
12:23 Town Watch
16:08 Castle Age
15:20 Gold Mining
17:35 Bow Saw
19:09 Horse Collar
20:30 Squires
23:38 Wheelbarrow
23:52 Scale Mail Armor
25:26 Chain Mail Armor
Connection lost

Rejoining the realm…

Still unreachable

The connection could not be restored.

Session expired

The server has moved on; the page needs a fresh start.